 Dungeon Crawl Stone Soup version 0.29.0-4-gdea44cf6ec (webtiles) character file.

Game seed: 4482328196634115318

1514 qw the Cleaver (level 8, -5/48 HPs)
             Began as a Tengu Warper on Aug 28, 2022.
             Was a Believer of Okawaru.
             Killed from afar by an orc wizard (7 damage)
             ... with a magic dart
             ... on level 6 of the Dungeon.
             The game lasted 00:00:37 (6496 turns).

qw the Cleaver (Tengu Warper)                       Turns: 6496, Time: 00:00:37

Health: -5/48      AC: 11    Str: 13    XL:     8   Next: 83%
Magic:  12/12      EV: 20    Int: 14    God:    Okawaru [**....]
Gold:   64         SH:  0    Dex: 14    Spells: 11/11 levels left

rFire   + . .      SeeInvis .   Y - +2 hand axe
rCold   . . .      Faith    .   (no shield)
rNeg    . . .      Spirit   .   h - +2 ring mail {rPois}
rPois   +          Reflect  .   (helmet restricted)
rElec   .          Harm     .   b - +0 cloak
rCorr   .          Rampage  .   g - +0 pair of gloves
Will    .....                   (boots unavailable)
Stlth   ++........              (no amulet)
HPRegen 0.16/turn               a - +4 ring of evasion
MPRegen 0.13/turn               f - ring of protection from fire

@: about to teleport, heroic, flying quickly and evasively, quick
A: beak, talons 3, nimble flight
a: Renounce Religion, Heroism


You were on level 6 of the Dungeon.
You worshipped Okawaru.
Okawaru was pleased with you.
You visited 1 branch of the dungeon, and saw 6 of its levels.
You also visited: Sewer.

You collected 372 gold pieces.
You spent 308 gold pieces at shops.


Innate Abilities, Weirdness & Mutations

You have a beak for a mouth.
You have claws for feet.
Your magical nature lets you fly swiftly and evasively.


   Skills:
 - Level 4.1(9.1) Fighting
 + Level 9.6(14.6) Axes
 - Level 1.0(6.0) Throwing
 - Level 2.2(7.2) Armour
 - Level 3.0(8.0) Dodging
 - Level 2.0 Spellcasting
 - Level 2.4 Translocations
 - Level 4.0 Invocations


You had 11 spell levels left.
You didn't know any spells.
Your spell library contained the following spells:

 Spells                   Type           Power      Damage    Failure   Level
 Blink                    Tloc           16%        N/A       26%         2
 Gell's Gravitas          Tloc           8%         N/A       45%         3
 Lesser Beckoning         Tloc           8%         N/A       45%         3
 Teleport Other           Tloc           8%         N/A       45%         3
 Manifold Assault         Tloc           8%         N/A       99%         5

Inventory:

Hand Weapons
 m - a +0 whip
 Y - a +2 hand axe (weapon)
Armour
 b - a +0 cloak (worn)
 e - a +0 chain mail
 g - a +0 pair of gloves (worn)
 h - a +2 ring mail of poison resistance (worn)
Jewellery
 a - a +4 ring of evasion (left hand)
 f - a ring of protection from fire (right hand)
 o - a ring of ice
Scrolls
 k - 3 scrolls of teleportation
 p - a scroll of identify
Potions
 c - a potion of cancellation
 d - a potion of haste {unknown}
 i - a potion of degeneration {unknown}
 j - 2 potions of curing
 l - 4 potions of heal wounds
 n - a potion of berserk rage {unknown}
 q - a potion of mutation {unknown}
 s - a potion of might {unknown}

Dungeon Overview and Level Annotations

Branches:
Dungeon (6/15)              Sewer (visited)
 Temple: D:4-7

Altars:
Ashenzari
Nemelex Xobeh
Okawaru
Qazlal
Uskayaw
Zin

Shops:
D:6 !

Annotations:
D:3 3 runed translucent doors, qw's ghost, amateur TeWr; qw's ghost, weakling TeWr
D:6 1 transporter, qw's ghost, novice TeWr


Message History

You miss something. You hit the orc wizard. You barely miss the orc wizard.
The orc wizard is heavily wounded.
You miss something.
You hit the orc priest but do no damage.
The orc wizard casts a spell.
The orc wizard flickers and vanishes!
Deactivating autopickup; reactivate with Ctrl-A.
Something hits you but does no damage. The orc priest misses you.
The orc warrior closely misses you.
You hit the orc priest.
You peck the orc priest, but do no damage.
The orc priest is severely wounded.
You miss something. You hit something but do no damage.
You hit the orc priest but do no damage.
You claw the orc priest, but do no damage.
The orc priest is severely wounded.
You hit something but do no damage. You hit something.
You hear some strange, mumbled words.
You are confused.
The orc warrior misses you.
The orc priest hits you but does no damage.
6495 ||| DRINKING 3 potions of curing.
You feel better.
6495 ||| (to cure confusion)
You hear some strange, mumbled words.
A puff of flame appears from out of thin air!
The puff of flame hits you. You resist.
The orc priest calls down the wrath of Beogh upon you.
Beogh smites you! Something barely misses you.
The orc warrior barely misses you.
6496 ||| READING 4 scrolls of teleportation.
As you read the scroll of teleportation, it crumbles to dust.
You feel strangely unstable. Something hits you but does no damage.
The orc priest invokes the aid of Beogh against you.
Pain shoots through your body! The orc priest barely misses you.
You hear some strange, mumbled words.
A magic dart appears from out of thin air!
The magic dart hits you!
You die...

.##..#...#OW.
.###.#...########....
.###...#............. .
..###...<............ ..
......##.####....).. ...
......##.# ....##...#
......##.######.o.......
......##%).##..oo{o.....
......#........{@##
..................#
.........\........#
............/.....#
.....#..............
..........##...##.....
......................
......#####...!......
...... #........##


You could see an orc warrior, 2 orc priests and an orc.

Vanquished Creatures
  Menkaure (D:5)
  2 water moccasins
  Duvessa (D:5)
  An orc warrior (D:6)
  2 ogres
  A necrophage (D:5)
  3 scorpions
  Dowan (D:5)
  A jelly (D:5)
  An orc priest (D:6)
  2 hounds
  Jessica (D:2)
  3 iguanas
  An orc wizard (D:6)
  15 adders
  4 river rats (Sewer)
  A shadow imp (D:5)
  An ufetubus (D:5)
  A worm (D:4)
  3 dart slugs
  3 orcs
  9 endoplasms
  7 giant cockroaches
  8 goblins
  6 hobgoblins
  2 jackals (D:3)
  10 quokkas
  6 ball pythons
  9 bats
  9 frilled lizards
  4 kobolds
  18 rats
137 creatures vanquished.

Vanquished Creatures (others)
  A hobgoblin (D:4)
  18 fungi (D:4)
19 creatures vanquished.

Grand Total: 156 creatures vanquished

Notes
Turn   | Place    | Note
-------+----------+-------------------------------------------
     0 | D:1      | qw the Tengu Warper began the quest for the Orb.
     0 | D:1      | Reached XP level 1. HP: 12/12 MP: 4/4
     0 | D:1      | 0 ||| qw: Version: 0.1-a-89-g26bdef1
     0 | D:1      | 0 ||| qw: Game counter: 797
     0 | D:1      | 0 ||| qw: Always use a shield: true
     0 | D:1      | 0 ||| qw: God list: Okawaru
     0 | D:1      | 0 ||| qw: Allow faded altars: false
     0 | D:1      | 0 ||| qw: Do Orc after D:15 true
     0 | D:1      | 0 ||| qw: Do second Lair branch before Depths: true
     0 | D:1      | 0 ||| qw: Lair rune preference: random
     0 | D:1      | 0 ||| qw: Plans: Normal
     0 | D:1      | 0 ||| PLANNING D:1-11
    33 | D:1      | 33 ||| Stepping ~*~*~tactically~*~*~ (stealth).
    34 | D:1      | 34 ||| Stepping ~*~*~tactically~*~*~ (stealth).
    37 | D:1      | 37 ||| Stepping ~*~*~tactically~*~*~ (stealth).
    39 | D:1      | 39 ||| Stepping ~*~*~tactically~*~*~ (stealth).
    42 | D:1      | 42 ||| Stepping ~*~*~tactically~*~*~ (stealth).
    43 | D:1      | 43 ||| Stepping ~*~*~tactically~*~*~ (stealth).
    48 | D:1      | 48 ||| Stepping ~*~*~tactically~*~*~ (stealth).
    49 | D:1      | 49 ||| Stepping ~*~*~tactically~*~*~ (stealth).
    81 | D:1      | Reached XP level 2. HP: 9/17 MP: 6/6
    85 | D:1      | Reached skill level 3 in Axes
   144 | D:1      | 144 ||| Stepping ~*~*~tactically~*~*~ (stealth).
   161 | D:1      | 161 ||| Stepping ~*~*~tactically~*~*~ (stealth).
   194 | D:1      | 194 ||| Stepping ~*~*~tactically~*~*~ (stealth).
   209 | D:1      | 209 ||| Stepping ~*~*~tactically~*~*~ (stealth).
   218 | D:1      | 218 ||| Stepping ~*~*~tactically~*~*~ (stealth).
   222 | D:1      | 222 ||| Stepping ~*~*~tactically~*~*~ (stealth).
   235 | D:1      | 235 ||| Stepping ~*~*~tactically~*~*~ (stealth).
   238 | D:1      | 238 ||| Stepping ~*~*~tactically~*~*~ (stealth).
   271 | D:1      | 271 ||| Stepping ~*~*~tactically~*~*~ (stealth).
   512 | D:1      | 512 ||| Stepping ~*~*~tactically~*~*~ (hiding).
   516 | D:1      | 516 ||| Stepping ~*~*~tactically~*~*~ (hiding).
   692 | D:1      | Reached XP level 3. HP: 15/21 MP: 7/7
   798 | D:1      | 798 ||| DROPPING +0 club.
  1037 | D:1      | 1037 ||| UPGRADING to +0 pair of gloves.
  1042 | D:1      | 1042 ||| READING scroll labelled INACWIRCHUS.
  1043 | D:1      | 1043 ||| READING scroll labelled KUERIO EDEHIE.
  1044 | D:1      | 1044 ||| READING scroll labelled NEMPIXA GAMUUM.
  1045 | D:1      | 1045 ||| READING scroll labelled ZEIQI XAR GOPU.
  1166 | D:1      | 1166 ||| READING 3 scrolls labelled FOKLO DEMUNUNONNA.
  1169 | D:1      | 1169 ||| DROPPING scroll of blinking.
  1200 | D:2      | Noticed Jessica
  1201 | D:2      | 1201 ||| Stepping ~*~*~tactically~*~*~ (hiding).
  1202 | D:2      | 1202 ||| Stepping ~*~*~tactically~*~*~ (hiding).
  1209 | D:2      | Killed Jessica
  1210 | D:2      | Reached skill level 4 in Axes
  1224 | D:2      | 1224 ||| Stepping ~*~*~tactically~*~*~ (stealth).
  1226 | D:2      | 1226 ||| Stepping ~*~*~tactically~*~*~ (stealth).
  1228 | D:2      | 1228 ||| Stepping ~*~*~tactically~*~*~ (stealth).
  1230 | D:2      | 1230 ||| Stepping ~*~*~tactically~*~*~ (stealth).
  1232 | D:2      | 1232 ||| Stepping ~*~*~tactically~*~*~ (stealth).
  1234 | D:2      | 1234 ||| Stepping ~*~*~tactically~*~*~ (stealth).
  1236 | D:2      | 1236 ||| Stepping ~*~*~tactically~*~*~ (stealth).
  1242 | D:2      | Reached XP level 4. HP: 26/26 MP: 8/8
  1251 | D:2      | 1251 ||| Stepping ~*~*~tactically~*~*~ (stealth).
  1523 | D:2      | 1523 ||| Stepping ~*~*~tactically~*~*~ (stealth).
  1525 | D:2      | 1525 ||| Stepping ~*~*~tactically~*~*~ (stealth).
  1526 | D:2      | 1526 ||| Stepping ~*~*~tactically~*~*~ (stealth).
  1527 | D:2      | 1527 ||| Stepping ~*~*~tactically~*~*~ (stealth).
  1536 | D:2      | 1536 ||| Stepping ~*~*~tactically~*~*~ (hiding).
  1638 | D:2      | 1638 ||| Stepping ~*~*~tactically~*~*~ (hiding).
  1641 | D:2      | 1641 ||| Stepping ~*~*~tactically~*~*~ (hiding).
  1760 | D:2      | Reached skill level 5 in Axes
  2201 | D:2      | Found an iron altar of Okawaru.
  2207 | D:2      | Became a worshipper of Warmaster Okawaru
  2585 | D:2      | 2585 ||| UPGRADING to +1 robe of willpower.
  2595 | D:2      | 2595 ||| DROPPING +0 leather armour.
  2596 | D:2      | 2596 ||| UPGRADING to +0 chain mail.
  2606 | D:2      | 2606 ||| DROPPING +1 robe of willpower.
  2607 | D:2      | 2607 ||| UPGRADING to +2 ring mail of poison resistance.
  2617 | D:2      | 2617 ||| READING scroll labelled BALEHE TACU.
  2618 | D:2      | 2618 ||| DRINKING 2 metallic yellow potions.
  2659 | D:2      | 2659 ||| DROPPING potion of lignification.
  2690 | D:3      | Gained mutation: Your magical nature lets you fly swiftly
                  | and evasively. [Tengu growth]
  2690 | D:3      | Reached XP level 5. HP: 30/30 MP: 9/9
  2749 | D:3      | Found an iron altar of Okawaru.
  2749 | D:3      | Found a glowing silver altar of Zin.
  2749 | D:3      | Found a sparkling altar of Nemelex Xobeh.
  2749 | D:3      | Found a hide-covered altar of Uskayaw.
  2753 | D:3      | Found a broken altar of Ashenzari.
  2765 | D:3      | Identified the +1 helmet of the Past {rPois rF- Regen+
                  | Str+7}
  2822 | D:3      | Found a stormy altar of Qazlal.
  2843 | D:3      | Found a runed translucent gate.
  2843 | D:3      | Found a runed translucent gate.
  2843 | D:3      | Found a runed translucent gate.
  2844 | D:3      | Noticed qw's ghost (amateur TeWr)
  2844 | D:3      | Noticed qw's ghost (weakling TeWr)
  2844 | D:3      | Noticed qw's ghost (weakling TeWr)
  3011 | D:3      | Found a faded altar of an unknown god.
  3112 | D:3      | 3112 ||| Stepping ~*~*~tactically~*~*~ (stealth).
  3643 | D:3      | 3643 ||| UPGRADING to +4 ring of evasion.
  3644 | D:3      | 3644 ||| READING scroll labelled QAISHR PUDASHA.
  3645 | D:3      | 3645 ||| DRINKING 3 fizzy black potions.
  3646 | D:3      | 3646 ||| DROPPING 2 potions of flight.
  3729 | D:4      | Reached skill level 6 in Axes
  3767 | D:4      | Reached XP level 6. HP: 35/35 MP: 10/10
  3836 | D:4      | Reached skill level 7 in Axes
  4573 | D:4      | Noticed a water moccasin
  4582 | D:4      | Killed a water moccasin
  4582 | D:4      | Reached * piety under Okawaru
  4583 | D:4      | Reached skill level 3 in Fighting
  4839 | D:4      | 4839 ||| UPGRADING to +0 cloak.
  4844 | D:4      | 4844 ||| READING scroll labelled ZECLAO TYTIEMAMY.
  4845 | D:4      | 4845 ||| DRINKING 2 smoky grey potions.
  4846 | D:4      | 4846 ||| DRINKING 3 purple potions.
  4898 | D:5      | Entered Level 5 of the Dungeon
  4899 | D:5      | 4899 ||| PLANNING SEWER
  4973 | D:5      | 4973 ||| READING scroll of enchant weapon.
  4973 | D:5      | 4973 ||| ENCHANTING +1 hand axe.
  5001 | D:5      | 5001 ||| INVOKING Heroism.
  5051 | D:5      | Reached skill level 1 in Invocations
  5051 | D:5      | Reached XP level 7. HP: 41/41 MP: 11/11
  5207 | D:5      | Found a glowing drain.
  5217 | D:5      | 5217 ||| UPGRADING to ring of protection from fire.
  5218 | D:5      | 5218 ||| READING scroll labelled BAPOTA TOTS.
  5230 | Sewer    | Entered a sewer
  5570 | Sewer    | 5570 ||| READING scroll labelled KYDUBI GIUSHRU.
  5571 | Sewer    | 5571 ||| READING scroll labelled OGA RUEPLOCVIT.
  5572 | Sewer    | 5572 ||| DRINKING 2 sedimented clear potions.
  5573 | Sewer    | 5573 ||| DROPPING potion of brilliance.
  5577 | D:5      | 5577 ||| PLANNING D:1-11
  5696 | D:5      | Reached skill level 8 in Axes
  5769 | D:5      | Noticed Menkaure
  5770 | D:5      | 5770 ||| INVOKING Heroism.
  5777 | D:5      | Killed Menkaure
  5778 | D:5      | Reached skill level 3 in Invocations
  5778 | D:5      | Reached XP level 8. HP: 46/46 MP: 9/12
  5903 | D:5      | Reached ** piety under Okawaru
  6101 | D:5      | 6101 ||| READING 2 scrolls of identify.
  6101 | D:5      | 6101 ||| IDENTIFYING glowing dark potion
  6102 | D:5      | 6102 ||| DROPPING potion of ambrosia.
  6148 | D:6      | Noticed Duvessa
  6148 | D:6      | Noticed Dowan
  6148 | D:6      | Found a transporter.
  6149 | D:6      | 6149 ||| INVOKING Heroism.
  6150 | D:6      | 6150 ||| STAIRDANCE
  6160 | D:5      | Killed Duvessa
  6161 | D:5      | Reached skill level 3 in Dodging
  6166 | D:5      | Killed Dowan
  6352 | D:6      | 6352 ||| STAIRDANCE
  6354 | D:5      | 6354 ||| INVOKING Heroism.
  6394 | D:6      | Noticed qw's ghost (novice TeWr)
  6394 | D:6      | Identified the +4 giant club of Massacring {drain, Str+5}
  6398 | D:6      | Found Isuirr's Distillery.
  6403 | D:6      | 6403 ||| INVOKING Heroism.
  6413 | D:6      | Reached skill level 9 in Axes
  6458 | D:6      | 6458 ||| BUYING potion of cancellation (112 gold).
  6458 | D:6      | Bought a potion of cancellation for 112 gold pieces
  6458 | D:6      | 6458 ||| BUYING potion of curing (42 gold).
  6458 | D:6      | Bought a potion of curing for 42 gold pieces
  6458 | D:6      | 6458 ||| BUYING potion of curing (42 gold).
  6458 | D:6      | Bought a potion of curing for 42 gold pieces
  6458 | D:6      | 6458 ||| BUYING potion of curing (42 gold).
  6458 | D:6      | Bought a potion of curing for 42 gold pieces
  6458 | D:6      | 6458 ||| SHOPLISTING potion of haste (140 gold, have 134).
  6458 | D:6      | 6458 ||| BUYING potion of heal wounds (70 gold).
  6458 | D:6      | Bought a potion of heal wounds for 70 gold pieces
  6458 | D:6      | 6458 ||| SHOPLISTING potion of magic (112 gold, have 64).
  6462 | D:6      | 6462 ||| Stepping ~*~*~tactically~*~*~ (stealth).
  6463 | D:6      | 6463 ||| Stepping ~*~*~tactically~*~*~ (stealth).
  6465 | D:6      | 6465 ||| Stepping ~*~*~tactically~*~*~ (hiding).
  6469 | D:6      | 6469 ||| INVOKING Heroism.
  6471 | D:6      | 6471 ||| Stepping ~*~*~tactically~*~*~ (hiding).
  6478 | D:6      | 6478 ||| DRINKING 5 potions of curing.
  6478 | D:6      | 6478 ||| (to cure confusion)
  6489 | D:6      | 6489 ||| DRINKING 4 potions of curing.
  6489 | D:6      | 6489 ||| (to cure confusion)
  6495 | D:6      | 6495 ||| DRINKING 3 potions of curing.
  6495 | D:6      | 6495 ||| (to cure confusion)
  6495 | D:6      | HP: 4/48 [orc priest/divine providence (12)]
  6496 | D:6      | 6496 ||| READING 4 scrolls of teleportation.
  6496 | D:6      | Killed from afar by an orc wizard

Levels and vault maps discovered:
D:1:      mushboom_english_gardens, layout_rooms
D:2:      layout_basic, basic_altar, uniq_jessica
D:3:      layout_basic, grunt_temple_overflow_open,
          nicolae_qazlal_scattered_showers,
          shapermc_ecumenical_altar_starsandcircs, gammafunk_ghost_cemetery,
          roderic_serpentine_path, uniq_crazy_yiuf_cottage
D:4:      layout_loops_corners, serial_aquarium, aquarium_bridge_island_small
          [aquarium_subvault_small_open, aquarium_subvault_bridge,
          aquarium_subvault_wall, aquarium_subvault_wall,
          aquarium_subvault_window], aquarium_bridge_long_separate
          [aquarium_subvault_bridge, aquarium_subvault_bridge,
          aquarium_subvault_wall, aquarium_subvault_bridge,
          aquarium_subvault_wall, aquarium_subvault_balcony],
          aquarium_window_fake, aquarium_window_3, aquarium_window_2,
          aquarium_view_2f, aquarium_view_2f, lemuel_old_faithful
D:5:      kennysheep_six_static_rooms, layout_basic, gup_sewer_entry_pipe,
          uniq_menkaure
D:6:      layout_rooms, gammafunk_ghost_smash, serial_shops, shop,
          nicolae_shop_behind_doors, nicolae_diamond_shop, shop, shop,
          uniq_duvessa

Skill      XL: |  1  2  3  4  5  6  7  8 |
---------------+-------------------------+-----
Axes           | 3 4 5 6 7 8 9 |  9.6
Fighting       | 3 4 |  4.1
Invocations    | 1 3 4 |  4.0
Armour         | 2 |  2.2
Dodging        | 3 |  3.0
Throwing       | |  1.0
Spellcasting   | |  2.0
Translocations | |  2.4

Action                   |  1- 3 |  4- 6 |  7- 9 || total
-------------------------+-------+-------+-------++-------
Melee: Hand axe          |    57 |   140 |   192 ||   389
       Kick              |    15 |    34 |    42 ||    91
       Peck              |    10 |    23 |    29 ||    62
       Punch             |       |     2 |     4 ||     6
Throw: Boomerang         |     7 |    32 |       ||    39
Invok: Heroism           |       |     1 |     5 ||     6
  Use: Scroll            |     5 |     4 |     5 ||    14
       Potion            |       |     4 |     4 ||     8
 Stab: Distracted        |       |     1 |       ||     1
Armor: Leather armour    |     9 |    12 |       ||    21
       Ring mail         |       |    26 |    41 ||    67
Dodge: Dodged            |    26 |    68 |   125 ||   219

Table legend:
 A = Non-vault XP
 B = Vault XP
 C = Vault XP percentage of total XP
 D = Non-vault monster count
 E = Vault monster count
 F = Vault count percentage of total count
                 A         B        C        D         E       F
            +---------+---------+-------+---------+---------+-------
      Total |    1243 |     921 |  42.6 |      88 |      49 |  35.8
            +---------+---------+-------+---------+---------+-------
        D:1 |      43 |       0 |   0.0 |      24 |       0 |   0.0
        D:2 |      84 |      37 |  30.6 |      22 |       1 |   4.3
        D:3 |      53 |       0 |   0.0 |      17 |       0 |   0.0
        D:4 |     187 |     151 |  44.7 |      12 |       1 |   7.7
        D:5 |     417 |     592 |  58.7 |       6 |      17 |  73.9
        D:6 |     459 |       0 |   0.0 |       7 |       0 |   0.0
      Sewer |       0 |     141 | 100.0 |       0 |      30 | 100.0
            +---------+---------+-------+---------+---------+-------
